 Dungeon Crawl Stone Soup version 0.30-a0-881-g1ff12e1e11 (webtiles) character file.

Game seed: 4487986268211867111

66 FexLirch the Vexing (level 3, 0/14 HPs)
             Began as a Felid Enchanter on Mar 14, 2023.
             Hit by a goblin thrown by Robin (3 damage)
             ... on level 2 of the Dungeon.
             The game lasted 00:08:18 (1962 turns).

FexLirch the Vexing (Felid Enchanter)               Turns: 1962, Time: 00:08:18

Health: 0/14       AC:  1    Str:  4    XL:     3   Next: 96%
Magic:  2/7        EV: 17    Int: 18    God:
Gold:   71         SH:  0    Dex: 16    Spells: 4/6 levels left
                                        Lives:  0   Deaths: 0

rFire   . . .      SeeInvis +      - Unarmed
rCold   . . .      Faith    .    (shield unavailable)
rNeg    . . .      Spirit   .    (body armour unavailable)
rPois   .          Reflect  .    (helmet unavailable)
rElec   .          Rampage  .    (cloak unavailable)
rCorr   .                        (gloves unavailable)
Will    .....                    (boots unavailable)
Stlth   +++                      (no amulet)
HPRegen 0.22/turn                (no ring)
MPRegen 0.10/turn                (no ring)

@: quick
A: very small, claws 1, fangs 3, see invisible, speed 1, shaggy fur 1, stealthy
paws, no weapons or thrown items, no armour, multi-lived
a: no special abilities


You were on level 2 of the Dungeon.
You visited 1 branch of the dungeon, and saw 2 of its levels.

You collected 71 gold pieces.

Inventory:

Jewellery
 m - a ring of flight
Scrolls
 c - a scroll of immolation {unknown}
 d - 2 scrolls of magic mapping {unknown}
 f - a scroll of amnesia {unknown}
 g - a scroll of poison {unknown}
 h - a scroll of blinking {unknown}
 i - a scroll of teleportation {unknown}
 j - 3 scrolls of fear {unknown}
 k - a scroll of identify {unknown}
 n - a scroll of enchant armour {unknown}
 o - a scroll of enchant weapon {unknown}
Potions
 a - 2 potions of invisibility
 b - 2 potions of mutation {unknown}
 e - a potion of brilliance {unknown}
 l - a potion of curing {unknown}
 p - a potion of lignification {unknown}


   Skills:
 - Level 3.0 Dodging
 + Level 4.2 Stealth
 + Level 2.1 Unarmed Combat
 - Level 2.1 Spellcasting
 + Level 5.3 Hexes
 + Level 1.2 Ice Magic


You had 4 spell levels left.
You knew the following spells:

 Your Spells              Type           Power      Damage    Failure   Level
a - Ensorcelled Hibernat  Hex/Ice        26%        N/A       7%          2

Your spell library contained the following spells:

 Spells                   Type           Power      Damage    Failure   Level
 Confusing Touch          Hex            21%        N/A       6%          3
 Tukima's Dance           Hex            21%        N/A       6%          3
 Dazzling Flash           Conj/Hex       22%        N/A       19%         3


Dungeon Overview and Level Annotations

Branches:
Dungeon (2/15)

Altars:

Annotations:
D:2 Robin


Innate Abilities, Weirdness & Mutations

You have sharp claws.
You have razor-sharp teeth.
You have supernaturally acute eyesight. (SInv)
You cover ground quickly. (Speed+)
You are covered in fur. (AC +1)
Your paws help you pounce on unaware monsters.
You are incapable of wielding weapons or throwing items.
You cannot wear armour.
You gain extra lives every three experience levels.


Message History

Okay, then.
Unknown command.
Unknown command.
You aren't carrying any items that you can evoke.
Casting: Ensorcelled Hibernation (safe; 7% risk of failure)
Confirm with . or Enter, or press ? or * to list all spells.
Aiming: Ensorcelled Hibernation (safe; 7% risk of failure)
Press: ? - help, Shift-Dir - straight line, f - you, p - Robin
Okay, then.
Unknown command.
Items here: )) ††.
Things that are here:
a +0 club; a goblin corpse You start resting.
Robin is nearby!
Casting: Ensorcelled Hibernation (safe; 7% risk of failure)
Confirm with . or Enter, or press ? or * to list all spells.
Aiming: Ensorcelled Hibernation (safe; 7% risk of failure)
Press: ? - help, Shift-Dir - straight line, f/p - Robin
Aim: Robin, wielding a +0 mace, wearing a +0 animal skin and wearing a +0 helmet (almost dead, chance to affect: 55%) Robin resists with significant effort.
You are too injured to fight recklessly!
Casting: Ensorcelled Hibernation (safe; 7% risk of failure)
Confirm with . or Enter, or press ? or * to list all spells.
Aiming: Ensorcelled Hibernation (safe; 7% risk of failure)
Press: ? - help, Shift-Dir - straight line, f/p - Robin
Aim: Robin, wielding a +0 mace, wearing a +0 animal skin and wearing a +0 helmet (almost dead, chance to affect: 55%) Robin resists with significant effort.
Robin completely misses you.
Casting: Ensorcelled Hibernation (safe; 7% risk of failure)
Confirm with . or Enter, or press ? or * to list all spells.
Aiming: Ensorcelled Hibernation (safe; 7% risk of failure)
Press: ? - help, Shift-Dir - straight line, f/p - Robin
Aim: Robin, wielding a +0 mace, wearing a +0 animal skin and wearing a +0 helmet (almost dead, chance to affect: 55%) Robin resists with significant effort.
Robin hits you with a +0 mace!
Ouch! That really hurt!
* * * LOW HITPOINT WARNING * * *
Robin roars a battlecry!
The goblin shouts!
Robin throws the goblin at you!
You die...

#.##.# #.#
####.##.####### #.#
###....##.......####.#
#...###..gg.......##.#
#...##....###.....##.#
#.........#.g......#.#
###....#..#.#......#..
##......#)#........#
#.@.#..#.#.....##.#
#g###..#.#.....##.#
#.)....#.....#....#
######.#.###.#.####
#.#####.#.#
#.g...).#.#
#########.#### #.#...
#.#.##


You could see Robin and a goblin (strong).

Vanquished Creatures
  A gnoll (D:2)
  An adder (D:2)
  2 dart slugs (D:1)
  An endoplasm (D:1)
  4 giant cockroaches (D:2)
  9 goblins
  2 hobgoblins (D:2)
  2 quokkas
  4 ball pythons
  4 bats
  5 frilled lizards
  2 kobolds (D:1)
  5 rats
42 creatures vanquished.

Notes
Turn   | Place    | Note
-------+----------+-------------------------------------------
     0 | D:1      | FexLirch the Felid Enchanter began the quest for the Orb.
     0 | D:1      | Reached XP level 1. HP: 7/7 MP: 4/4
   143 | D:1      | Reached XP level 2. HP: 7/11 MP: 6/6
   376 | D:1      | Learned a level 2 spell: Ensorcelled Hibernation
  1082 | D:2      | Reached skill level 5 in Hexes
  1082 | D:2      | Reached XP level 3. HP: 14/14 MP: 2/7
  1320 | D:2      | Reached skill level 1 in Ice Magic
  1688 | D:2      | Noticed Robin
  1962 | D:2      | Hit by a goblin thrown by Robin

Illustrated notes

Levels and vault maps discovered:
D:1:      saegor_arrival_miasma, layout_loops_ring, serial_park_tiny_1
D:2:      layout_basic, uniq_robin

Skill      XL: |  1  2  3 |
---------------+----------+-----
Dodging        | 3 |  3.0
Hexes          | 5 |  5.3
Ice Magic      | 1 |  1.2
Unarmed Combat | 2 |  2.1
Stealth        | |  4.2
Spellcasting   | |  2.1

Action                     || total
---------------------------++-------
  Melee: Unarmed           ||    91
         Bite              ||     3
         Punch             ||     1
   Cast: Ensorcelled Hiber ||    35
   Stab: Sleeping          ||    32
 Armour: Skin              ||     1
  Dodge: Dodged            ||    51

Table legend: (Time is in decaauts)
 A = Elapsed time spent in this place.
 B = Non-inter-level travel time spent in this place.
 C = Inter-level travel time spent in this place.
 D = Time resting spent in this place.
 E = Time spent auto-exploring this place.
 F = Levels seen in this place.
 G = Mean time per level.
                   A        B        C        D        E       F      G
               +--------+--------+--------+--------+--------+-----+--------+
         Total |   1725 |   1699 |     26 |    257 |    990 |   2 |  862.5 |
       Dungeon |   1725 |   1699 |     26 |    257 |    990 |   2 |  862.5 |
               +--------+--------+--------+--------+--------+-----+--------+

Top non-repeatable levels by time:
     D:1: 867 daAuts
     D:2: 858 daAuts
